 Dungeon Crawl Stone Soup version 0.30-a0-170-g85af917532 (webtiles) character file.

Game seed: 6225058441720480027

124061 qw the Severer (level 16, -23/104 HPs)
             Began as a Gargoyle Fighter on Sept 30, 2022.
             Was a High Priest of Okawaru.
             Killed from afar by Nikola (32 damage)
             ... with an arc of chain lightning
             ... on level 1 of the Shoals.
             The game lasted 00:12:02 (28185 turns).

qw the Severer (Gargoyle Fighter)                  Turns: 28185, Time: 00:12:03

Health: -23/104    AC: 46    Str: 32    XL:     16   Next: 92%
Magic:  17/23      EV: 11    Int:  6    God:    Okawaru [*****.]
Gold:   71         SH: 20    Dex:  9    Spells: 15/15 levels left

rFire   + . .      SeeInvis +    c - +1 broad axe
rCold   + . .      Faith    .    z - +0 tower shield
rNeg    + + +      Spirit   .    E - +8 chain mail "Voarchojo" {Drain +Blink Will+ Str+5}
rPois   inf        Reflect  .    k - +0 helmet of Taizxoakac {+Blink rCorr SInv}
rElec   +          Harm     .    e - +2 cloak
rCorr   +          Rampage  .    v - +1 pair of gloves of Vlad {rN++ Regen+ Dex-4}
Will    ++...                    l - +2 pair of boots
Stlth   ..........               (no amulet)
HPRegen 1.07/turn                q - ring of Moral Flaws {rC+ Int-4 Dex+4 Slay+3}
MPRegen 0.18/turn                y - ring of protection from fire

@: about to teleport, heroic, finesse-ful, flying
A: sickness immunity, AC +12, big wings, negative energy resistance 1,
electricity resistance, torment resistance 1, petrification resistance
a: Renounce Religion, Evoke Blink, Heroism, Finesse, Duel


You were on level 1 of the Shoals.
You worshipped Okawaru.
Okawaru was extremely pleased with you.
You visited 5 branches of the dungeon, and saw 24 of its levels.
You visited the Abyss 1 time.
You also visited: Ossuary.

You collected 2318 gold pieces.
You spent 2247 gold pieces at shops.


Innate Abilities, Weirdness & Mutations

You are immune to sickness and miasma.
Your stone body is resilient. (AC +12)
You are immune to poison.
Your large and strong wings let you fly.
You resist negative energy. (rN+)
You are resistant to electric shocks. (rElec)
You are resistant to unholy torment.
You are immune to petrification.


   Skills:
 - Level 13.0(18.0) Fighting
 - Level 16.5(21.5) Axes
 - Level 6.0(11.0) Throwing
 - Level 13.0(18.0) Armour
 - Level 4.0(9.0) Dodging
 + Level 15.2(20.2) Shields
 - Level 10.1 Invocations


You had 15 spell levels left.
You didn't know any spells.
Your spell library was empty.

Inventory:

Hand Weapons
 c - a +1 broad axe (weapon)
 u - a +1 war axe of flaming
Missiles
 p - 10 javelins (quivered)
 r - 15 boomerangs
Armour
 e - a +2 cloak (worn)
 k - the +0 helmet of Taizxoakac (worn) {+Blink rCorr SInv}
   (Okawaru gifted it to you on level 14 of the Dungeon)

   SInv:      It lets you see invisible.
   +Blink:    It lets you blink.
   rCorr:     It protects you from acid and corrosion.
 l - a +2 pair of boots (worn)
 s - +0 acid dragon scales
 t - a scarf of resistance
 v - the +1 pair of gloves of Vlad (worn) {rN++ Regen+ Dex-4}
   (Okawaru gifted it to you on level 5 of the Lair of Beasts)

   Dex:       It affects your dexterity (-4).
   rN:        It greatly protects you from negative energy.
   Regen:     It increases your rate of health regeneration.
 z - a +0 tower shield (worn)
 E - the +8 chain mail "Voarchojo" (worn) {Drain +Blink Will+ Str+5}
   (You bought it in a shop on level 1 of the Orcish Mines)

   Str:       It affects your strength (+5).
   +Blink:    It lets you blink.
   Drain:     It drains your maximum health when unequipped.
   Will:      It increases your willpower.
Jewellery
 q - the ring of Moral Flaws (left hand) {rC+ Int-4 Dex+4 Slay+3}
   (You found it on level 5 of the Dungeon)

   [ring of protection from cold]

   Int:       It affects your intelligence (-4).
   Dex:       It affects your dexterity (+4).
   Slay:      It affects your accuracy & damage with ranged weapons and melee
   (+3).
   rC:        It protects you from cold.
 w - a ring of fire
 y - a ring of protection from fire (right hand)
 B - a ring of resist corrosion
 C - a +6 ring of dexterity
Scrolls
 a - 17 scrolls of identify
 h - 8 scrolls of teleportation
 A - a scroll of enchant armour
Potions
 d - 7 potions of might
 f - 6 potions of lignification
 g - 12 potions of curing
 i - 4 potions of heal wounds
 j - a potion of cancellation
 m - 3 potions of magic
 n - 10 potions of attraction
 o - 5 potions of mutation
 x - 3 potions of haste
 D - 2 potions of resistance

Dungeon Overview and Level Annotations

Branches:
Dungeon (15/15)            Temple (1/1) D:5            Lair (5/5) D:9
 Shoals (1/4) Lair:3        Snake (0/4) Lair:3        Slime (0/5) Lair:5
    Orc (2/2) D:10            Elf (0/3) Orc:2        Vaults (0/5) D:13
 Depths (0/4) D:15        Ossuary (visited)

Altars:
Ashenzari
Cheibriados
Dithmenos
Elyvilon
Fedhas
Gozag
Hepliaklqana
Kikubaaqudgha
Makhleb
Nemelex Xobeh
Okawaru
Qazlal
Ru
Sif Muna
Trog
Uskayaw
Vehumet
Wu Jian
Xom
Yredelemnul
Zin
The Shining One
Jiyva

Shops:
D:2 =((**   D:13 !   Orc:1 [([:[   Orc:2 [(=?

Annotations:
D:1 2 transporters
D:6 1 runed translucent door, Crazy Yiuf
Lair:5 1 runed translucent door
Shoals:1 Nikola
Orc:1 2 transporters, rpophessagr's ghost, journeyman HOMo


Message History

You gain the combat prowess of a mighty hero.
Nikola mumbles some strange words.
Lightning arcs from Nikola's hands!
The bolt of lightning hits you!! You resist.
A bolt of lightning appears from out of thin air!
The bolt of lightning hits Nikola!
28174 ||| INVOKING Finesse.
You can now deal lightning-fast blows.
You block Nikola's attack.
You closely miss Nikola.
Nikola is lightly wounded.
You block Nikola's attack.
You slice Nikola!!
Nikola is moderately wounded.
You barely miss Nikola.
Nikola is moderately wounded.
You barely miss Nikola.
Nikola is moderately wounded.
You block Nikola's attack.
You slash Nikola!
Nikola is moderately wounded.
You slice Nikola like a ripe choko!!!
Nikola is heavily wounded.
You block Nikola's attack.
You completely miss Nikola.
Nikola is heavily wounded.
You slash Nikola!
Nikola is severely wounded.
You slice Nikola!!
Nikola is almost dead.
Nikola mumbles some strange words.
Lightning arcs from Nikola's hands!
The bolt of lightning hits you!!! You resist.
A bolt of lightning appears from out of thin air!
The bolt of lightning hits Nikola!
28185 ||| READING 9 scrolls of teleportation.
As you read the scroll of teleportation, it crumbles to dust.
You feel strangely unstable.
Nikola mumbles some strange words.
Lightning arcs from Nikola's hands!
The bolt of lightning hits you!! You resist.
You die...

..~~~~~~~~~~~~~~~~~~~~~~~~~#
.....~~~~~~~~~~~~~~~~~~~~~~#
....~~~~~~~~~~~~~~~~~~~~~~~#
#...~~~~~~~~~~~~~~~~~~~~~~~#
....)~~~~~~~~~~~~~~~~~~~~~~#
..~~~~~~~~~~~~~~~~~~~~~~~~~#
...~~~~~~~~~~~~~~~~~~~~~~~~#
...~~~~~~~~~~~~~~~~~~~~~~~~#
##.~~~~~~~~~~..@@~~~~~~~~~~#
...~~~~~~~~...###.~~~~~~~~~#
~~~~~~~~...# #.~~~~~~~~~#
~~~~~~~~.### ###.~~~~~~~~~#
~~~~~~~~## ##.~~~~~~~~~~~#
~~~~~~~~.# ##.~~~~~~~~~~~~#
~~~~~~~~.####.~~~~~~~~~~~~~#
~~~~~~~~~.#.~~~~~~~~~~~~~~~#
.~~~~~~~~~..~~~~~~~~~~~~~~~#


You could see Nikola.

Vanquished Creatures
  A tentacled starspawn (Abyss:2)
  Kirke (D:13)
  A tengu reaver (D:13)
  Agnes (D:15)
  Louise (D:15)
  Nessos (D:12)
  2 fire dragons
  An ettin (D:13)
  An entropy weaver (shapeshifter) (D:15)
  A yaktaur captain (D:13)
  A spriggan zombie (Abyss:2)
  Josephine (D:15)
  7 hydras
  4 ogre magi (Orc:2)
  3 centaur warriors
  A merfolk avatar (Shoals:1)
  2 catoblepae
  2 tengu warriors (D:13)
  11 two-headed ogres
  A death knight (D:14)
  5 death yaks
  7 boulder beetles
  Urug (Orc:1)
  An orc high priest (Orc:1)
  4 thrashing horrors (Abyss:2)
  A wretched star (Abyss:2)
  A sixfirhy (Abyss:2)
  A fire crab (Lair:4)
  A swamp dragon (Lair:5)
  5 sea snakes (Shoals:1)
  A death drake (shapeshifter) (D:14)
  A wizard (D:15)
  A necromancer (D:15)
  A bunyip skeleton (Abyss:2)
  4 harpies (Shoals:1)
  16 ugly things
  An orc knight (D:15)
  5 deep elf pyromancers
  12 cyclopes
  2 fauns (Shoals:1)
  8 orc sorcerers
  7 manticores
  A naga mage (D:15)
  A centaur zombie (D:15)
  12 elephants
  A merfolk siren (Shoals:1)
  2 torpor snails
  A black mamba (Lair:5)
  2 gargoyles (D:12)
  A smoke demon (Abyss:2)
  A water nymph (shapeshifter) (D:12)
  A centaur skeleton (D:15)
  12 cane toads
  A kobold demonologist (D:12)
  Psyche (D:12)
  7 rime drakes
  12 komodo dragons
  4 tengu conjurers
  2 efreet
  2 unseen horrors
  A harpy zombie (D:15)
  8 trolls
  13 polar bears
  A hornet (shapeshifter) (D:12)
  A wind drake (Shoals:1)
  2 hornets (D:9)
  6 raiju
  17 blink frogs
  2 slime creatures
  4 dream sheep (Lair:4)
  2 large abominations (Abyss:2)
  5 snapping turtles
  Prince Ribbit (Lair:2)
  3 starcursed masses (Abyss:2)
  Sigmund (D:4)
  4 shadows
  7 wraiths
  4 wyverns
  A water elemental (Shoals:1)
  4 hogs (D:13)
  28 yaks
  A yak (shapeshifter) (D:14)
  4 steam dragons
  9 wargs
  7 basilisks
  5 vampire mosquitoes (D:14)
  5 acid dragons
  13 water moccasins
  10 orc warriors
  A swamp drake (Lair:5)
  14 hell hounds (Lair:5)
  14 black bears
  3 ice beasts
  A meliai simulacrum (D:15)
  27 wolves
  15 ogres
  2 phantoms (D:4)
  11 centaurs
  15 bullfrogs
  2 small abominations (Abyss:2)
  5 kobold brigands
  2 gnoll sergeants
  A necrophage (D:8)
  20 wights
  10 killer bees
  2 electric eels
  4 howler monkeys
  7 jellies
  4 hounds
  16 orc priests
  3 gnoll boudas
  3 hell rats (Lair:4)
  4 iguanas
  39 orc wizards
  A mummy (Ossuary)
  25 gnolls
  10 adders
  4 river rats (Lair:4)
  A shadow imp (D:6)
  4 white imps
  An ufetubus (D:6)
  A worm (D:3)
  2 dart slugs
  62 orcs
  2 spectral bats (Ossuary)
  3 ball pythons
  3 bats
  9 endoplasms
  A giant cockroach (D:3)
  12 gnoll zombies (Ossuary)
  10 goblins
  5 hobgoblins
  6 jackals
  A quokka (D:4)
  2 bat simulacra (Ossuary)
  8 goblin simulacra (Ossuary)
  5 goblin zombies (Ossuary)
  8 hobgoblin zombies (Ossuary)
  23 kobolds
  2 kobold simulacra (Ossuary)
  3 kobold zombies (Ossuary)
  2 orc zombies (Ossuary)
  11 rats
  4 rat simulacra (Ossuary)
  A spectral goblin (Ossuary)
  3 spectral kobolds (Ossuary)
  2 spectral rats (Ossuary)
825 creatures vanquished.

Vanquished Creatures (others)
  19 fungi
  74 plants
  2 starspawn tentacles (Abyss:2)
95 creatures vanquished.

Grand Total: 920 creatures vanquished

Notes
Turn   | Place    | Note
-------+----------+-------------------------------------------
     0 | D:1      | qw the Gargoyle Fighter began the quest for the Orb.
     0 | D:1      | Reached XP level 1. HP: 14/14 MP: 1/1
     0 | D:1      | 0 ||| qw: Version: 0.2-a-12-gaebbb33
     0 | D:1      | 0 ||| qw: Game counter: 1523
     0 | D:1      | 0 ||| qw: Always use a shield: true
     0 | D:1      | 0 ||| qw: God list: Okawaru
     0 | D:1      | 0 ||| qw: Allow faded altars: false
     0 | D:1      | 0 ||| qw: Do Orc after D:15 true
     0 | D:1      | 0 ||| qw: Do second Lair branch before Depths: true
     0 | D:1      | 0 ||| qw: Lair rune preference: random
     0 | D:1      | 0 ||| qw: Plans: Normal, Zot:1-4, God:TSO, Crypt, Tomb,
                  | Pan, Slime:5, Hells, Abyss, Orb
     0 | D:1      | 0 ||| PLANNING D:1-11
    26 | D:1      | 26 ||| Stepping ~*~*~tactically~*~*~ (stealth).
    28 | D:1      | 28 ||| Stepping ~*~*~tactically~*~*~ (stealth).
    31 | D:1      | Reached skill level 2 in Axes
    60 | D:1      | 60 ||| Stepping ~*~*~tactically~*~*~ (stealth).
    69 | D:1      | 69 ||| Stepping ~*~*~tactically~*~*~ (stealth).
    70 | D:1      | 70 ||| Stepping ~*~*~tactically~*~*~ (stealth).
   188 | D:1      | Found a faded altar of an unknown god.
   241 | D:1      | Reached XP level 2. HP: 14/19 MP: 2/2
   381 | D:1      | 381 ||| Stepping ~*~*~tactically~*~*~ (hiding).
   385 | D:1      | 385 ||| Stepping ~*~*~tactically~*~*~ (hiding).
   652 | D:1      | HP: 1/19 [frozen (5)]
  1156 | D:1      | Reached skill level 3 in Axes
  1265 | D:1      | Reached XP level 3. HP: 23/23 MP: 3/3
  1488 | D:1      | 1488 ||| DROPPING +6 ring of intelligence.
  1489 | D:1      | 1489 ||| READING scroll labelled QOQEKONKYGI.
  1490 | D:1      | 1490 ||| READING 2 scrolls labelled SIRYSO PINT.
  1495 | D:1      | 1495 ||| READING scroll labelled JEDWIW SYOMIH.
  1496 | D:1      | 1496 ||| READING scroll labelled MUFO EMNIH TOL.
  1497 | D:1      | 1497 ||| DRINKING 2 sedimented grey potions.
  1498 | D:1      | 1498 ||| DROPPING potion of flight.
  1523 | D:2      | Found Kumeinur's Assorted Antiques.
  1526 | D:2      | 1526 ||| BUYING scroll labelled WIAVUITEFU (28 gold).
  1526 | D:2      | Bought a scroll labelled WIAVUITEFU for 28 gold pieces
  1576 | D:2      | 1576 ||| READING scroll of enchant weapon.
  1576 | D:2      | 1576 ||| ENCHANTING +1 war axe.
  1604 | D:2      | Found Miuvotiqum's General Store.
  1610 | D:2      | 1610 ||| BUYING +0 cloak (49 gold).
  1610 | D:2      | Bought a +0 cloak for 49 gold pieces
  1610 | D:2      | 1610 ||| SHOPLISTING +4 ring of slaying (858 gold, have 2).
  1610 | D:2      | 1610 ||| SHOPLISTING amulet of reflection (330 gold, have
                  | 2).
  1610 | D:2      | 1610 ||| SHOPLISTING potion of curing (33 gold, have 2).
  1610 | D:2      | 1610 ||| SHOPLISTING potion of mutation (88 gold, have 2).
  1610 | D:2      | 1610 ||| SHOPLISTING scroll of identify (22 gold, have 2).
  1677 | D:2      | 1677 ||| Stepping ~*~*~tactically~*~*~ (stealth).
  1682 | D:2      | 1682 ||| Stepping ~*~*~tactically~*~*~ (stealth).
  1683 | D:2      | 1683 ||| Stepping ~*~*~tactically~*~*~ (stealth).
  1684 | D:2      | 1684 ||| Stepping ~*~*~tactically~*~*~ (stealth).
  1712 | D:2      | Reached XP level 4. HP: 26/28 MP: 4/4
  1775 | D:2      | Found Qessiomm's Antique Weapon Shoppe.
  1928 | D:2      | Found Voequpn's Weapon Boutique.
  1931 | D:2      | 1931 ||| SHOPLISTING +2 vorpal flail (172 gold, have 26).
  1988 | D:2      | 1988 ||| BUYING club (23 gold).
  1988 | D:2      | Bought a club for 23 gold pieces
  1988 | D:2      | 1988 ||| SHOPLISTING mace (69 gold, have 3).
  2075 | D:2      | Found Kuhatu's Jewellery Shoppe.
  2080 | D:2      | 2080 ||| SHOPLISTING amulet of regeneration (420 gold, have
                  | 3).
  2080 | D:2      | 2080 ||| SHOPLISTING ring "Umpil" {Will+ Int-3 Dex+8 SInv
                  | Stlth-} (513 gold, have 3).
  2080 | D:2      | 2080 ||| SHOPLISTING ring of Ufest {rC+ MP+9} (476 gold,
                  | have 3).
  2080 | D:2      | 2080 ||| SHOPLISTING ring of willpower (350 gold, have 3).
  2164 | D:2      | 2164 ||| UPGRADING to +0 cloak.
  2169 | D:2      | 2169 ||| READING 3 scrolls labelled WIAVUITEFU.
  2170 | D:2      | 2170 ||| DRINKING 3 cyan potions.
  2171 | D:2      | 2171 ||| READING 2 scrolls of identify.
  2171 | D:2      | 2171 ||| IDENTIFYING yellow potion
  2344 | D:3      | Reached skill level 4 in Axes
  2441 | D:3      | 2441 ||| READING scroll of enchant weapon.
  2441 | D:3      | 2441 ||| ENCHANTING +2 war axe.
  2550 | D:3      | 2550 ||| Stepping ~*~*~tactically~*~*~ (stealth).
  2662 | D:3      | 2662 ||| READING scroll of enchant weapon.
  2662 | D:3      | 2662 ||| ENCHANTING +3 war axe.
  2735 | D:3      | Reached XP level 5. HP: 32/32 MP: 5/5
  2784 | D:3      | 2784 ||| READING scroll of enchant weapon.
  2784 | D:3      | 2784 ||| ENCHANTING +4 war axe.
  2994 | D:3      | 2994 ||| READING 2 scrolls labelled KYTUCZ KOWEI.
  2995 | D:3      | 2995 ||| READING 2 scrolls of identify.
  2995 | D:3      | 2995 ||| IDENTIFYING puce potion
  2996 | D:3      | 2996 ||| DROPPING scroll of immolation.
  3033 | D:4      | 3033 ||| PLANNING OSSUARY
  3036 | D:4      | Reached skill level 5 in Axes
  3181 | D:4      | Noticed a phantom
  3182 | D:4      | 3182 ||| Stepping ~*~*~tactically~*~*~ (stealth).
  3183 | D:4      | 3183 ||| Stepping ~*~*~tactically~*~*~ (stealth).
  3185 | D:4      | 3185 ||| Stepping ~*~*~tactically~*~*~ (stealth).
  3188 | D:4      | 3188 ||| Stepping ~*~*~tactically~*~*~ (hiding).
  3189 | D:4      | 3189 ||| Stepping ~*~*~tactically~*~*~ (hiding).
  3194 | D:4      | 3194 ||| Stepping ~*~*~tactically~*~*~ (stealth).
  3205 | D:4      | Killed a phantom
  3206 | D:4      | Reached skill level 1 in Dodging
  3206 | D:4      | Reached XP level 6. HP: 20/38 MP: 6/6
  3381 | D:4      | 3381 ||| DROPPING +0 club.
  3384 | D:4      | Found a basalt altar of Yredelemnul.
  3391 | D:4      | 3391 ||| DROPPING +0 whip.
  3483 | D:4      | Found a sand-covered staircase.
  3487 | Ossuary  | Entered an ossuary
  3934 | Ossuary  | 3934 ||| READING scroll labelled XEKLEO GUGHO.
  3935 | Ossuary  | 3935 ||| DRINKING 2 lumpy silvery potions.
  3972 | Ossuary  | 3972 ||| DRINKING 2 smoky blue potions.
  4077 | Ossuary  | 4077 ||| READING 5 scrolls of identify.
  4077 | Ossuary  | 4077 ||| IDENTIFYING ruby potion
  4078 | Ossuary  | 4078 ||| DROPPING potion of berserk rage.
  4103 | D:4      | 4103 ||| PLANNING D:1-11
  4167 | D:4      | Reached XP level 7. HP: 37/43 MP: 7/7
  4174 | D:4      | Reached skill level 6 in Axes
  4326 | D:4      | Found a white marble altar of Elyvilon.
  4365 | D:4      | Noticed Sigmund
  4378 | D:4      | Killed Sigmund
  4379 | D:4      | Reached skill level 7 in Axes
  4674 | D:4      | 4674 ||| DROPPING orb of light.
  4675 | D:4      | 4675 ||| READING scroll labelled OLEINI CENIC.
  4676 | D:4      | 4676 ||| READING 4 scrolls of identify.
  4676 | D:4      | 4676 ||| IDENTIFYING dark potion
  4688 | D:5      | Entered Level 5 of the Dungeon
  4689 | D:5      | 4689 ||| STAIRDANCE
  4698 | D:5      | 4698 ||| STAIRDANCE
  4850 | D:5      | 4850 ||| STAIRDANCE
  4856 | D:5      | 4856 ||| STAIRDANCE
  5168 | D:5      | Reached XP level 8. HP: 49/49 MP: 8/8
  5233 | D:5      | Identified the ring of Moral Flaws {rC+ Int-4 Dex+4 Slay+3}
  5245 | D:5      | 5245 ||| Stepping ~*~*~tactically~*~*~ (hiding).
  5260 | D:5      | 5260 ||| Stepping ~*~*~tactically~*~*~ (stealth).
  5469 | D:5      | 5469 ||| Stepping ~*~*~tactically~*~*~ (stealth).
  5506 | D:5      | 5506 ||| Stepping ~*~*~tactically~*~*~ (hiding).
  5511 | D:5      | Reached skill level 1 in Throwing
  5513 | D:5      | 5513 ||| Stepping ~*~*~tactically~*~*~ (stealth).
  5699 | D:5      | 5699 ||| FLEEEEING.
  5871 | D:5      | 5871 ||| Stepping ~*~*~tactically~*~*~ (stealth).
  5873 | D:5      | Found a hide-covered altar of Uskayaw.
  5875 | D:5      | 5875 ||| Stepping ~*~*~tactically~*~*~ (stealth).
  5906 | D:5      | 5906 ||| READING scroll of enchant armour.
  5906 | D:5      | 5906 ||| ENCHANTING +0 cloak.
  5942 | D:5      | 5942 ||| Stepping ~*~*~tactically~*~*~ (stealth).
  5943 | D:5      | 5943 ||| Stepping ~*~*~tactically~*~*~ (stealth).
  5980 | D:5      | Reached skill level 8 in Axes
  6170 | D:5      | Found a staircase to the Ecumenical Temple.
  6171 | D:5      | 6171 ||| PLANNING TEMPLE
  6171 | D:5      | 6171 ||| UPGRADING to +0 pair of boots.
  6176 | D:5      | 6176 ||| UPGRADING to +0 chain mail.
  6186 | D:5      | 6186 ||| DROPPING +0 scale mail.
  6187 | D:5      | 6187 ||| UPGRADING to ring of Moral Flaws {rC+ Int-4 Dex+4
                  | Slay+3}.
  6188 | D:5      | 6188 ||| READING scroll labelled QOANYA UHESU.
  6189 | D:5      | 6189 ||| READING scroll labelled YTEMMAM HUTRESS.
  6190 | D:5      | 6190 ||| READING 4 scrolls of identify.
  6190 | D:5      | 6190 ||| IDENTIFYING bubbling ruby potion
  6191 | D:5      | 6191 ||| DROPPING potion of degeneration.
  6200 | Temple   | Entered the Ecumenical Temple
  6267 | Temple   | 6267 ||| PLANNING OKAWARU WORSHIP
  6502 | Temple   | Became a worshipper of Warmaster Okawaru
  6503 | Temple   | 6503 ||| PLANNING D:1-11
  6622 | D:5      | 6622 ||| Stepping ~*~*~tactically~*~*~ (stealth).
  6656 | D:5      | 6656 ||| UPGRADING to +0 plate armour.
  6666 | D:5      | 6666 ||| DROPPING +0 chain mail.
  6671 | D:5      | 6671 ||| STAIRDANCE
  6675 | D:5      | 6675 ||| STAIRDANCE
  6679 | D:5      | 6679 ||| STAIRDANCE
  6683 | D:5      | 6683 ||| STAIRDANCE
  6687 | D:5      | 6687 ||| STAIRDANCE
  6691 | D:5      | 6691 ||| STAIRDANCE
  6695 | D:5      | 6695 ||| STAIRDANCE
  6699 | D:5      | 6699 ||| STAIRDANCE
  6703 | D:5      | 6703 ||| STAIRDANCE
  6707 | D:5      | 6707 ||| STAIRDANCE
  6711 | D:5      | 6711 ||| STAIRDANCE
  6715 | D:5      | 6715 ||| STAIRDANCE
  6719 | D:5      | 6719 ||| STAIRDANCE
  6723 | D:5      | 6723 ||| STAIRDANCE
  6727 | D:5      | 6727 ||| STAIRDANCE
  6731 | D:5      | 6731 ||| STAIRDANCE
  6935 | D:6      | 6935 ||| Stepping ~*~*~tactically~*~*~ (hiding).
  6937 | D:6      | 6937 ||| Stepping ~*~*~tactically~*~*~ (hiding).
  7088 | D:6      | Reached skill level 6 in Fighting
  7107 | D:6      | You fall into a shaft and drop 1 floor!
  7190 | D:7      | Reached XP level 9. HP: 56/56 MP: 9/9
  7192 | D:7      | Reached * piety under Okawaru
  7196 | D:7      | Reached skill level 1 in Invocations
  7275 | D:7      | 7275 ||| READING scroll of enchant weapon.
  7275 | D:7      | 7275 ||| ENCHANTING +5 war axe.
  7293 | D:7      | 7293 ||| INVOKING Heroism.
  7321 | D:7      | 7321 ||| Stepping ~*~*~tactically~*~*~ (hiding).
  7322 | D:7      | 7322 ||| Stepping ~*~*~tactically~*~*~ (hiding).
  7445 | D:7      | 7445 ||| Stepping ~*~*~tactically~*~*~ (stealth).
  7447 | D:7      | 7447 ||| INVOKING Heroism.
  7448 | D:7      | 7448 ||| Stepping ~*~*~tactically~*~*~ (stealth).
  7456 | D:7      | Reached skill level 3 in Invocations
  7537 | D:7      | 7537 ||| Stepping ~*~*~tactically~*~*~ (stealth).
  7539 | D:7      | 7539 ||| Stepping ~*~*~tactically~*~*~ (hiding).
  7547 | D:7      | Reached skill level 9 in Axes
  7657 | D:6      | 7657 ||| READING scroll of enchant armour.
  7657 | D:6      | 7657 ||| ENCHANTING +0 pair of boots.
  7695 | D:6      | 7695 ||| INVOKING Heroism.
  7701 | D:6      | 7701 ||| Stepping ~*~*~tactically~*~*~ (stealth).
  7761 | D:6      | Found a runed translucent door.
  7762 | D:6      | Noticed Crazy Yiuf
  7935 | D:6      | 7935 ||| UPGRADING to +6 ring of dexterity.
  7936 | D:6      | 7936 ||| READING scroll labelled OKKESU GE FOJ.
  7962 | D:7      | 7962 ||| STAIRDANCE
  7967 | D:6      | 7967 ||| INVOKING Heroism.
  8125 | D:7      | 8125 ||| INVOKING Heroism.
  8303 | D:7      | 8303 ||| INVOKING Heroism.
  8306 | D:7      | Reached ** piety under Okawaru
  8373 | D:7      | Found a shimmering altar of Xom.
  8398 | D:7      | 8398 ||| INVOKING Heroism.
  8446 | D:7      | 8446 ||| Stepping ~*~*~tactically~*~*~ (stealth).
  8488 | D:7      | 8488 ||| DROPPING +0 flail.
  8547 | D:7      | 8547 ||| Stepping ~*~*~tactically~*~*~ (hiding).
  8554 | D:7      | 8554 ||| INVOKING Heroism.
  8559 | D:7      | Reached skill level 6 in Armour
  8734 | D:7      | 8734 ||| Stepping ~*~*~tactically~*~*~ (hiding).
  8858 | D:7      | 8858 ||| DROPPING amulet of guardian spirit.
  8899 | D:8      | 8899 ||| STAIRDANCE
  8902 | D:7      | 8902 ||| DRINKING 7 potions of curing.
  8902 | D:7      | 8902 ||| (to cure confusion)
  8908 | D:8      | 8908 ||| Stepping randomly (disturbance).
  8981 | D:8      | 8981 ||| Stepping ~*~*~tactically~*~*~ (stealth).
  8984 | D:8      | 8984 ||| Stepping ~*~*~tactically~*~*~ (stealth).
  8990 | D:8      | Reached XP level 10. HP: 63/63 MP: 13/13
  9015 | D:8      | 9015 ||| Stepping ~*~*~tactically~*~*~ (hiding).
  9020 | D:8      | 9020 ||| INVOKING Heroism.
  9105 | D:8      | 9105 ||| Stepping ~*~*~tactically~*~*~ (hiding).
  9109 | D:8      | 9109 ||| INVOKING Heroism.
  9120 | D:8      | 9120 ||| Stepping ~*~*~tactically~*~*~ (stealth).
  9137 | D:8      | 9137 ||| Stepping ~*~*~tactically~*~*~ (hiding).
  9141 | D:8      | 9141 ||| INVOKING Heroism.
  9177 | D:8      | 9177 ||| Stepping ~*~*~tactically~*~*~ (stealth).
  9179 | D:8      | 9179 ||| Stepping ~*~*~tactically~*~*~ (hiding).
  9180 | D:8      | 9180 ||| Stepping ~*~*~tactically~*~*~ (hiding).
  9181 | D:8      | 9181 ||| Stepping ~*~*~tactically~*~*~ (hiding).
  9182 | D:8      | 9182 ||| INVOKING Heroism.
  9184 | D:8      | Reached skill level 10 in Axes
  9219 | D:8      | 9219 ||| Stepping ~*~*~tactically~*~*~ (stealth).
  9220 | D:8      | 9220 ||| Stepping ~*~*~tactically~*~*~ (stealth).
  9253 | D:8      | 9253 ||| Stepping ~*~*~tactically~*~*~ (stealth).
  9255 | D:8      | 9255 ||| Stepping ~*~*~tactically~*~*~ (stealth).
  9256 | D:8      | 9256 ||| Stepping ~*~*~tactically~*~*~ (stealth).
  9257 | D:8      | 9257 ||| Stepping ~*~*~tactically~*~*~ (stealth).
  9258 | D:8      | 9258 ||| Stepping ~*~*~tactically~*~*~ (stealth).
  9348 | D:8      | 9348 ||| Stepping ~*~*~tactically~*~*~ (stealth).
  9352 | D:8      | 9352 ||| Stepping ~*~*~tactically~*~*~ (stealth).
  9364 | D:8      | 9364 ||| INVOKING Heroism.
  9481 | D:8      | 9481 ||| Stepping ~*~*~tactically~*~*~ (hiding).
  9693 | D:8      | 9693 ||| INVOKING Heroism.
  9709 | D:8      | 9709 ||| READING scroll labelled XEIXZA WAM XOKEME.
  9710 | D:8      | 9710 ||| READING 9 scrolls of identify.
  9710 | D:8      | 9710 ||| IDENTIFYING coppery potion
  9753 | D:9      | 9753 ||| STAIRDANCE
  9857 | D:9      | 9857 ||| STAIRDANCE
  9864 | D:9      | 9864 ||| STAIRDANCE
  9864 | D:9      | Noticed a two-headed ogre
  9870 | D:8      | Reached *** piety under Okawaru
  9871 | D:8      | Reached skill level 3 in Throwing
  9875 | D:9      | 9875 ||| STAIRDANCE
  9877 | D:8      | 9877 ||| INVOKING Heroism.
  9941 | D:9      | 9941 ||| STAIRDANCE
  9968 | D:9      | 9968 ||| INVOKING Heroism.
  9969 | D:9      | 9969 ||| STAIRDANCE
  9977 | D:8      | HP: 15/64 [two-headed ogre/+0 giant club (11)]
  9978 | D:8      | 9978 ||| READING 8 scrolls of teleportation.
  9979 | D:8      | 9979 ||| DRINKING 4 potions of heal wounds.
 10173 | D:8      | 10173 ||| Stepping ~*~*~tactically~*~*~ (stealth).
 10174 | D:8      | 10174 ||| Stepping ~*~*~tactically~*~*~ (stealth).
 10176 | D:8      | 10176 ||| INVOKING Heroism.
 10182 | D:8      | Killed a two-headed ogre
 10183 | D:8      | Reached skill level 6 in Shields
 10208 | D:9      | 10208 ||| INVOKING Heroism.
 10225 | D:9      | Reached **** piety under Okawaru
 10226 | D:9      | Reached skill level 3 in Dodging
 10226 | D:9      | Reached XP level 11. HP: 41/68 MP: 14/14
 10240 | D:9      | Noticed a cyclops
 10241 | D:9      | 10241 ||| FLEEEEING.
 10242 | D:9      | 10242 ||| STAIRDANCE
 10358 | D:9      | 10358 ||| INVOKING Heroism.
 10363 | D:9      | HP: 16/68 [cyclops (19)]
 10364 | D:9      | 10364 ||| READING 7 scrolls of teleportation.
 10364 | D:9      | HP: 4/68 [cyclops (12)]
 10365 | D:9      | 10365 ||| DRINKING 3 potions of heal wounds.
 10366 | D:9      | Killed a cyclops
 10367 | D:9      | 10367 ||| STAIRDANCE
 10561 | D:9      | Found a bloodstained altar of Trog.
 10563 | D:9      | 10563 ||| Stepping ~*~*~tactically~*~*~ (stealth).
 10570 | D:9      | 10570 ||| Stepping ~*~*~tactically~*~*~ (stealth).
 10574 | D:9      | 10574 ||| Stepping ~*~*~tactically~*~*~ (hiding).
 10574 | D:9      | Noticed a cyclops
 10575 | D:9      | 10575 ||| Stepping ~*~*~tactically~*~*~ (stealth).
 10580 | D:9      | 10580 ||| INVOKING Heroism.
 10598 | D:9      | Noticed a cyclops
 10599 | D:9      | 10599 ||| Stepping ~*~*~tactically~*~*~ (stealth).
 10618 | D:9      | 10618 ||| INVOKING Heroism.
 10621 | D:9      | Killed a cyclops
 10623 | D:9      | Killed a cyclops
 10906 | D:9      | Noticed a two-headed ogre
 10907 | D:9      | 10907 ||| INVOKING Heroism.
 10913 | D:9      | Killed a two-headed ogre
 10913 | D:9      | Received a gift from Okawaru
 10914 | D:9      | Reached skill level 6 in Invocations
 10915 | D:9      | 10915 ||| Stepping ~*~*~tactically~*~*~ (stealth).
 10926 | D:9      | 10926 ||| Stepping ~*~*~tactically~*~*~ (stealth).
 10929 | D:9      | 10929 ||| Stepping ~*~*~tactically~*~*~ (stealth).
 10959 | D:9      | 10959 ||| Stepping ~*~*~tactically~*~*~ (stealth).
 10961 | D:9      | 10961 ||| Stepping ~*~*~tactically~*~*~ (stealth).
 10984 | D:9      | 10984 ||| Stepping ~*~*~tactically~*~*~ (stealth).
 11038 | D:9      | 11038 ||| Stepping ~*~*~tactically~*~*~ (stealth).
 11039 | D:9      | 11039 ||| Stepping ~*~*~tactically~*~*~ (stealth).
 11095 | D:9      | 11095 ||| Stepping ~*~*~tactically~*~*~ (hiding).
 11096 | D:9      | 11096 ||| Stepping ~*~*~tactically~*~*~ (hiding).
 11230 | D:9      | Found a staircase to the Lair.
 11304 | D:9      | 11304 ||| INVOKING Heroism.
 11339 | D:9      | 11339 ||| Stepping ~*~*~tactically~*~*~ (stealth).
 11346 | D:9      | 11346 ||| Stepping ~*~*~tactically~*~*~ (stealth).
 11434 | D:9      | Noticed a two-headed ogre
 11435 | D:9      | 11435 ||| INVOKING Heroism.
 11440 | D:9      | Killed a two-headed ogre
 11441 | D:9      | Reached skill level 11 in Axes
 11619 | D:9      | 11619 ||| INVOKING Heroism.
 11640 | D:9      | Noticed a two-headed ogre
 11649 | D:9      | 11649 ||| INVOKING Heroism.
 11651 | D:9      | Killed a two-headed ogre
 11862 | D:9      | 11862 ||| PLANNING LAIR
 11862 | D:9      | 11862 ||| READING 9 scrolls of identify.
 11862 | D:9      | 11862 ||| IDENTIFYING murky brown potion
 11863 | D:9      | 11863 ||| DROPPING potion of invisibility.
 11891 | Lair:1   | Entered Level 1 of the Lair of Beasts
 11909 | Lair:1   | 11909 ||| INVOKING Heroism.
 11926 | Lair:1   | Noticed a boulder beetle
 11938 | Lair:1   | 11938 ||| INVOKING Heroism.
 11948 | Lair:1   | Reached ***** piety under Okawaru
 11949 | Lair:1   | Reached skill level 9 in Fighting
 11949 | Lair:1   | 11949 ||| INVOKING Finesse.
 11965 | Lair:1   | Killed a boulder beetle
 11966 | Lair:1   | Reached XP level 12. HP: 56/76 MP: 12/18
 11985 | Lair:1   | 11985 ||| Stepping ~*~*~tactically~*~*~ (stealth).
 11986 | Lair:1   | 11986 ||| Stepping ~*~*~tactically~*~*~ (stealth).
 12115 | Lair:1   | Reached skill level 9 in Invocations
 12199 | Lair:1   | Noticed a death yak
 12200 | Lair:1   | 12200 ||| INVOKING Heroism.
 12201 | Lair:1   | 12201 ||| INVOKING Finesse.
 12205 | Lair:1   | Noticed a death yak
 12207 | Lair:1   | Killed a death yak
 12222 | Lair:1   | Killed a death yak
 12222 | Lair:1   | Received a gift from Okawaru
 12275 | Lair:1   | 12275 ||| INVOKING Heroism.
 12292 | Lair:1   | Noticed a boulder beetle
 12293 | Lair:1   | 12293 ||| INVOKING Finesse.
 12301 | Lair:1   | 12301 ||| INVOKING Heroism.
 12306 | Lair:1   | Killed a boulder beetle
 12803 | Lair:2   | 12803 ||| Stepping ~*~*~tactically~*~*~ (stealth).
 12819 | Lair:2   | 12819 ||| Stepping ~*~*~tactically~*~*~ (hiding).
 12826 | Lair:2   | Reached skill level 12 in Axes
 12953 | Lair:2   | Noticed a six-headed hydra
 12954 | Lair:2   | 12954 ||| INVOKING Heroism.
 12958 | Lair:2   | 12958 ||| SWAPPING to +0 morningstar.
 12968 | Lair:2   | Killed a six-headed hydra
 12969 | Lair:2   | 12969 ||| SWAPPING to +6 war axe.
 13242 | Lair:2   | 13242 ||| INVOKING Heroism.
 13251 | Lair:2   | Reached skill level 9 in Armour
 13261 | Lair:2   | Received a gift from Okawaru
 13443 | Lair:2   | 13443 ||| INVOKING Heroism.
 13546 | Lair:2   | Noticed Prince Ribbit
 13547 | Lair:2   | 13547 ||| INVOKING Heroism.
 13552 | Lair:2   | Killed Prince Ribbit
 13589 | Lair:2   | 13589 ||| Stepping ~*~*~tactically~*~*~ (stealth).
 13591 | Lair:2   | 13591 ||| Stepping ~*~*~tactically~*~*~ (stealth).
 13593 | Lair:2   | 13593 ||| Stepping ~*~*~tactically~*~*~ (stealth).
 13595 | Lair:2   | 13595 ||| INVOKING Heroism.
 13718 | Lair:2   | 13718 ||| INVOKING Heroism.
 13787 | Lair:2   | Received a gift from Okawaru
 14169 | Lair:3   | Found a staircase to the Snake Pit.
 14232 | Lair:3   | Found a staircase to the Shoals.
 14309 | Lair:3   | 14309 ||| Stepping ~*~*~tactically~*~*~ (stealth).
 14318 | Lair:3   | Reached XP level 13. HP: 74/82 MP: 20/20
 14349 | Lair:3   | 14349 ||| Stepping ~*~*~tactically~*~*~ (stealth).
 14354 | Lair:3   | 14354 ||| Stepping ~*~*~tactically~*~*~ (stealth).
 14389 | Lair:3   | 14389 ||| Stepping ~*~*~tactically~*~*~ (stealth).
 14400 | Lair:3   | 14400 ||| INVOKING Heroism.
 14957 | Lair:3   | 14957 ||| INVOKING Heroism.
 14958 | Lair:3   | 14958 ||| SWAPPING to +0 morningstar.
 14959 | Lair:3   | 14959 ||| SWAPPING to +6 war axe.
 14961 | Lair:3   | 14961 ||| SWAPPING to +0 morningstar.
 14962 | Lair:3   | 14962 ||| INVOKING Finesse.
 14969 | Lair:3   | 14969 ||| SWAPPING to +6 war axe.
 15117 | Lair:3   | 15117 ||| READING scroll labelled XOCHENL ZOTEONUN.
 15223 | Lair:4   | 15223 ||| Stepping ~*~*~tactically~*~*~ (hiding).
 15224 | Lair:4   | 15224 ||| Stepping ~*~*~tactically~*~*~ (hiding).
 15230 | Lair:4   | Reached skill level 13 in Axes
 15295 | Lair:4   | 15295 ||| INVOKING Heroism.
 15356 | Lair:4   | 15356 ||| Stepping ~*~*~tactically~*~*~ (hiding).
 15362 | Lair:4   | 15362 ||| INVOKING Heroism.
 15373 | Lair:4   | 15373 ||| FLEEEEING.
 15374 | Lair:4   | 15374 ||| FLEEEEING.
 15375 | Lair:4   | 15375 ||| FLEEEEING.
 15376 | Lair:4   | 15376 ||| FLEEEEING.
 15379 | Lair:4   | 15379 ||| FLEEEEING.
 15381 | Lair:4   | 15381 ||| FLEEEEING.
 15387 | Lair:4   | 15387 ||| FLEEEEING.
 15388 | Lair:4   | 15388 ||| FLEEEEING.
 15389 | Lair:4   | 15389 ||| FLEEEEING.
 15390 | Lair:4   | 15390 ||| FLEEEEING.
 15391 | Lair:4   | 15391 ||| FLEEEEING.
 15392 | Lair:4   | 15392 ||| FLEEEEING.
 15393 | Lair:4   | 15393 ||| FLEEEEING.
 15398 | Lair:4   | 15398 ||| FLEEEEING.
 15399 | Lair:4   | 15399 ||| FLEEEEING.
 15400 | Lair:4   | 15400 ||| FLEEEEING.
 15401 | Lair:4   | 15401 ||| FLEEEEING.
 15402 | Lair:4   | 15402 ||| FLEEEEING.
 15403 | Lair:4   | 15403 ||| FLEEEEING.
 15405 | Lair:4   | 15405 ||| FLEEEEING.
 15406 | Lair:4   | 15406 ||| FLEEEEING.
 15407 | Lair:4   | 15407 ||| FLEEEEING.
 15408 | Lair:4   | 15408 ||| FLEEEEING.
 15409 | Lair:4   | 15409 ||| FLEEEEING.
 15410 | Lair:4   | 15410 ||| FLEEEEING.
 15411 | Lair:4   | 15411 ||| FLEEEEING.
 15413 | Lair:4   | 15413 ||| FLEEEEING.
 15414 | Lair:4   | 15414 ||| FLEEEEING.
 15415 | Lair:4   | 15415 ||| FLEEEEING.
 15416 | Lair:4   | 15416 ||| FLEEEEING.
 15417 | Lair:4   | 15417 ||| FLEEEEING.
 15418 | Lair:4   | 15418 ||| FLEEEEING.
 15419 | Lair:4   | 15419 ||| FLEEEEING.
 15420 | Lair:4   | 15420 ||| FLEEEEING.
 15421 | Lair:4   | 15421 ||| FLEEEEING.
 15422 | Lair:4   | 15422 ||| FLEEEEING.
 15423 | Lair:4   | 15423 ||| FLEEEEING.
 15424 | Lair:4   | 15424 ||| FLEEEEING.
 15425 | Lair:4   | 15425 ||| FLEEEEING.
 15426 | Lair:4   | 15426 ||| FLEEEEING.
 15427 | Lair:4   | 15427 ||| FLEEEEING.
 15428 | Lair:4   | 15428 ||| FLEEEEING.
 15429 | Lair:4   | 15429 ||| FLEEEEING.
 15430 | Lair:4   | 15430 ||| FLEEEEING.
 15431 | Lair:4   | 15431 ||| FLEEEEING.
 15432 | Lair:4   | 15432 ||| FLEEEEING.
 15433 | Lair:4   | 15433 ||| FLEEEEING.
 15443 | Lair:4   | 15443 ||| FLEEEEING.
 15445 | Lair:4   | 15445 ||| FLEEEEING.
 15454 | Lair:4   | 15454 ||| FLEEEEING.
 15455 | Lair:4   | 15455 ||| FLEEEEING.
 15456 | Lair:4   | 15456 ||| FLEEEEING.
 15457 | Lair:4   | 15457 ||| FLEEEEING.
 15458 | Lair:4   | 15458 ||| STAIRDANCE
 15707 | Lair:4   | 15707 ||| Stepping ~*~*~tactically~*~*~ (stealth).
 15708 | Lair:4   | 15708 ||| Stepping ~*~*~tactically~*~*~ (stealth).
 15860 | Lair:4   | 15860 ||| Stepping ~*~*~tactically~*~*~ (stealth).
 15867 | Lair:4   | 15867 ||| INVOKING Heroism.
 15873 | Lair:4   | 15873 ||| INVOKING Finesse.
 15880 | Lair:4   | 15880 ||| SWAPPING to +0 morningstar.
 15894 | Lair:4   | 15894 ||| SWAPPING to +6 war axe.
 15909 | Lair:4   | Received a gift from Okawaru
 15956 | Lair:4   | 15956 ||| INVOKING Heroism.
 16018 | Lair:4   | 16018 ||| INVOKING Heroism.
 16019 | Lair:4   | 16019 ||| INVOKING Finesse.
 16141 | Lair:4   | 16141 ||| Stepping ~*~*~tactically~*~*~ (stealth).
 16142 | Lair:4   | 16142 ||| INVOKING Heroism.
 16262 | Lair:4   | 16262 ||| READING scroll labelled PIWKYE PUUDIBO.
 16263 | Lair:4   | 16263 ||| Stepping randomly (cloudy).
 16270 | Lair:4   | HP: 18/82 [fire crab (9)]
 16271 | Lair:4   | 16271 ||| DRINKING 3 potions of heal wounds.
 16275 | Lair:4   | 16275 ||| DRINKING 2 potions of heal wounds.
 16277 | Lair:4   | Reached skill level 14 in Axes
 16671 | Lair:4   | 16671 ||| INVOKING Heroism.
 16784 | Lair:4   | 16784 ||| INVOKING Heroism.
 16823 | Lair:4   | 16823 ||| Stepping ~*~*~tactically~*~*~ (stealth).
 16824 | Lair:4   | 16824 ||| Stepping ~*~*~tactically~*~*~ (stealth).
 16865 | Lair:4   | 16865 ||| Stepping ~*~*~tactically~*~*~ (stealth).
 16868 | Lair:4   | 16868 ||| INVOKING Heroism.
 17180 | Lair:4   | 17180 ||| READING 10 scrolls of identify.
 17180 | Lair:4   | 17180 ||| IDENTIFYING bubbling orange potion
 17181 | Lair:4   | 17181 ||| DROPPING potion of ambrosia.
 17210 | Lair:5   | Entered Level 5 of the Lair of Beasts
 17218 | Lair:5   | 17218 ||| INVOKING Heroism.
 17219 | Lair:5   | 17219 ||| INVOKING Finesse.
 17221 | Lair:5   | 17221 ||| SWAPPING to +0 morningstar.
 17231 | Lair:5   | 17231 ||| SWAPPING to +6 war axe.
 17297 | Lair:5   | 17297 ||| INVOKING Heroism.
 17312 | Lair:5   | Received a gift from Okawaru
 17333 | Lair:5   | 17333 ||| Stepping ~*~*~tactically~*~*~ (stealth).
 17334 | Lair:5   | 17334 ||| Stepping ~*~*~tactically~*~*~ (stealth).
 17336 | Lair:5   | 17336 ||| Stepping ~*~*~tactically~*~*~ (hiding).
 17337 | Lair:5   | 17337 ||| Stepping ~*~*~tactically~*~*~ (hiding).
 17359 | Lair:5   | 17359 ||| FLEEEEING.
 17460 | Lair:5   | 17460 ||| Stepping ~*~*~tactically~*~*~ (stealth).
 17461 | Lair:5   | 17461 ||| Stepping ~*~*~tactically~*~*~ (stealth).
 17462 | Lair:5   | 17462 ||| Stepping ~*~*~tactically~*~*~ (stealth).
 17466 | Lair:5   | 17466 ||| INVOKING Heroism.
 17467 | Lair:5   | 17467 ||| Stepping ~*~*~tactically~*~*~ (stealth).
 17517 | Lair:5   | 17517 ||| INVOKING Heroism.
 17556 | Lair:5   | Gained mutation: Your large and strong wings let you fly.
                  | [Gargoyle growth]
 17556 | Lair:5   | Reached XP level 14. HP: 90/90 MP: 21/21
 17589 | Lair:5   | 17589 ||| Stepping ~*~*~tactically~*~*~ (hiding).
 17600 | Lair:5   | 17600 ||| Stepping ~*~*~tactically~*~*~ (cloud).
 17607 | Lair:5   | 17607 ||| Stepping ~*~*~tactically~*~*~ (cloud).
 17610 | Lair:5   | 17610 ||| Stepping ~*~*~tactically~*~*~ (hiding).
 17634 | Lair:5   | 17634 ||| Stepping ~*~*~tactically~*~*~ (cloud).
 17643 | Lair:5   | 17643 ||| Stepping ~*~*~tactically~*~*~ (hiding).
 17649 | Lair:5   | 17649 ||| Stepping ~*~*~tactically~*~*~ (hiding).
 17744 | Lair:5   | 17744 ||| FLEEEEING.
 17810 | Lair:5   | 17810 ||| INVOKING Heroism.
 17811 | Lair:5   | 17811 ||| INVOKING Finesse.
 17831 | Lair:5   | Reached skill level 6 in Throwing
 17831 | Lair:5   | 17831 ||| Stepping ~*~*~tactically~*~*~ (cloud).
 18074 | Lair:5   | 18074 ||| INVOKING Heroism.
 18283 | Lair:5   | 18283 ||| Stepping ~*~*~tactically~*~*~ (stealth).
 18284 | Lair:5   | 18284 ||| Stepping ~*~*~tactically~*~*~ (stealth).
 18288 | Lair:5   | 18288 ||| Stepping ~*~*~tactically~*~*~ (stealth).
 18295 | Lair:5   | 18295 ||| INVOKING Heroism.
 18307 | Lair:5   | Identified the +1 pair of gloves of Vlad {rN++ Regen+
                  | Dex-4} (Okawaru gifted it to you on level 5 of the Lair of
                  | Beasts)
 18307 | Lair:5   | Received a gift from Okawaru
 18311 | Lair:5   | Reached skill level 15 in Axes
 18360 | Lair:5   | 18360 ||| INVOKING Heroism.
 18361 | Lair:5   | 18361 ||| INVOKING Finesse.
 18412 | Lair:5   | Found a runed translucent door.
 18412 | Lair:5   | Found a viscous altar of Jiyva.
 18420 | Lair:5   | Found a staircase to the Slime Pits.
 18665 | Lair:5   | 18665 ||| Stepping ~*~*~tactically~*~*~ (stealth).
 18666 | Lair:5   | 18666 ||| Stepping ~*~*~tactically~*~*~ (stealth).
 18667 | Lair:5   | 18667 ||| Stepping ~*~*~tactically~*~*~ (stealth).
 18677 | Lair:5   | 18677 ||| Stepping ~*~*~tactically~*~*~ (hiding).
 18685 | Lair:5   | 18685 ||| Stepping ~*~*~tactically~*~*~ (stealth).
 18711 | Lair:5   | 18711 ||| Stepping ~*~*~tactically~*~*~ (stealth).
 18712 | Lair:5   | 18712 ||| Stepping ~*~*~tactically~*~*~ (stealth).
 18735 | Lair:5   | 18735 ||| Stepping ~*~*~tactically~*~*~ (stealth).
 18742 | Lair:5   | 18742 ||| INVOKING Heroism.
 18764 | Lair:5   | 18764 ||| Stepping ~*~*~tactically~*~*~ (stealth).
 18766 | Lair:5   | 18766 ||| Stepping ~*~*~tactically~*~*~ (stealth).
 18772 | Lair:5   | 18772 ||| Stepping ~*~*~tactically~*~*~ (hiding).
 18800 | Lair:5   | Reached skill level 12 in Fighting
 18805 | Lair:5   | 18805 ||| FLEEEEING.
 18808 | Lair:5   | 18808 ||| INVOKING Heroism.
 18810 | Lair:5   | 18810 ||| Stepping ~*~*~tactically~*~*~ (stealth).
 18923 | Lair:5   | 18923 ||| Stepping ~*~*~tactically~*~*~ (stealth).
 18929 | Lair:5   | 18929 ||| Stepping ~*~*~tactically~*~*~ (stealth).
 18938 | Lair:5   | 18938 ||| Stepping ~*~*~tactically~*~*~ (stealth).
 18940 | Lair:5   | 18940 ||| Stepping ~*~*~tactically~*~*~ (stealth).
 18943 | Lair:5   | 18943 ||| Stepping ~*~*~tactically~*~*~ (hiding).
 18964 | Lair:5   | 18964 ||| Stepping ~*~*~tactically~*~*~ (stealth).
 18970 | Lair:5   | 18970 ||| INVOKING Heroism.
 18975 | Lair:5   | 18975 ||| Stepping ~*~*~tactically~*~*~ (stealth).
 18993 | Lair:5   | 18993 ||| Stepping ~*~*~tactically~*~*~ (stealth).
 19016 | Lair:5   | 19016 ||| Stepping ~*~*~tactically~*~*~ (hiding).
 19085 | Lair:5   | 19085 ||| Stepping ~*~*~tactically~*~*~ (stealth).
 19102 | Lair:5   | 19102 ||| Stepping ~*~*~tactically~*~*~ (hiding).
 19212 | Lair:5   | 19212 ||| Stepping ~*~*~tactically~*~*~ (stealth).
 19213 | Lair:5   | 19213 ||| Stepping ~*~*~tactically~*~*~ (stealth).
 19216 | Lair:5   | 19216 ||| Stepping ~*~*~tactically~*~*~ (stealth).
 19218 | Lair:5   | 19218 ||| INVOKING Heroism.
 19232 | Lair:5   | 19232 ||| Stepping ~*~*~tactically~*~*~ (stealth).
 19251 | Lair:5   | 19251 ||| Stepping ~*~*~tactically~*~*~ (stealth).
 19286 | Lair:5   | 19286 ||| INVOKING Heroism.
 19301 | Lair:5   | 19301 ||| Stepping ~*~*~tactically~*~*~ (stealth).
 19360 | Lair:5   | 19360 ||| READING scroll of enchant armour.
 19360 | Lair:5   | 19360 ||| ENCHANTING +1 pair of boots.
 19370 | Lair:5   | 19370 ||| Stepping ~*~*~tactically~*~*~ (stealth).
 19380 | Lair:5   | 19380 ||| Stepping ~*~*~tactically~*~*~ (stealth).
 19430 | Lair:5   | 19430 ||| INVOKING Heroism.
 19439 | Lair:5   | 19439 ||| Stepping ~*~*~tactically~*~*~ (hiding).
 19564 | Lair:5   | 19564 ||| Stepping ~*~*~tactically~*~*~ (hiding).
 19713 | Lair:5   | 19713 ||| PLANNING D:1-11
 19713 | Lair:5   | 19713 ||| UPGRADING to +1 pair of gloves of Vlad {rN++
                  | Regen+ Dex-4}.
 19718 | Lair:5   | 19718 ||| READING scroll labelled VOUPRI EK CUU.
 19719 | Lair:5   | 19719 ||| DRINKING 2 fizzy orange potions.
 19872 | D:10     | Entered Level 10 of the Dungeon
 20004 | D:10     | Found a staircase to the Orcish Mines.
 20053 | D:10     | 20053 ||| Stepping ~*~*~tactically~*~*~ (hiding).
 20299 | D:10     | 20299 ||| Stepping ~*~*~tactically~*~*~ (stealth).
 20302 | D:10     | 20302 ||| Stepping ~*~*~tactically~*~*~ (stealth).
 20308 | D:10     | 20308 ||| INVOKING Heroism.
 20674 | D:11     | 20674 ||| Stepping ~*~*~tactically~*~*~ (stealth).
 20676 | D:11     | 20676 ||| Stepping ~*~*~tactically~*~*~ (hiding).
 20717 | D:11     | 20717 ||| INVOKING Heroism.
 20718 | D:11     | 20718 ||| Stepping ~*~*~tactically~*~*~ (stealth).
 20784 | D:11     | 20784 ||| Stepping ~*~*~tactically~*~*~ (stealth).
 20787 | D:11     | 20787 ||| FLEEEEING.
 20788 | D:11     | 20788 ||| FLEEEEING.
 20789 | D:11     | 20789 ||| FLEEEEING.
 20792 | D:11     | 20792 ||| FLEEEEING.
 20793 | D:11     | 20793 ||| FLEEEEING.
 20794 | D:11     | 20794 ||| FLEEEEING.
 20795 | D:11     | 20795 ||| FLEEEEING.
 20796 | D:11     | 20796 ||| FLEEEEING.
 20797 | D:11     | 20797 ||| FLEEEEING.
 20798 | D:11     | 20798 ||| FLEEEEING.
 20799 | D:11     | 20799 ||| STAIRDANCE
 20811 | D:10     | 20811 ||| UPGRADING to +0 helmet.
 20816 | D:10     | 20816 ||| DROPPING ring of wizardry.
 20954 | D:11     | 20954 ||| INVOKING Heroism.
 21164 | D:11     | 21164 ||| PLANNING D
 21164 | D:11     | 21164 ||| DROPPING ring of fire.
 21165 | D:11     | 21165 ||| UPGRADING to ring of protection from fire.
 21224 | D:12     | Noticed Psyche
 21228 | D:12     | Killed Psyche
 21343 | D:12     | 21343 ||| Stepping ~*~*~tactically~*~*~ (hiding).
 21344 | D:12     | 21344 ||| Stepping ~*~*~tactically~*~*~ (hiding).
 21345 | D:12     | 21345 ||| Stepping ~*~*~tactically~*~*~ (hiding).
 21347 | D:12     | 21347 ||| INVOKING Heroism.
 21359 | D:12     | Received a gift from Okawaru
 21392 | D:12     | 21392 ||| INVOKING Heroism.
 21397 | D:12     | Reached XP level 15. HP: 96/96 MP: 19/22
 21465 | D:12     | 21465 ||| FLEEEEING.
 21466 | D:12     | 21466 ||| FLEEEEING.
 21467 | D:12     | 21467 ||| FLEEEEING.
 21565 | D:12     | Noticed Nessos
 21566 | D:12     | 21566 ||| INVOKING Finesse.
 21569 | D:12     | 21569 ||| Stepping ~*~*~tactically~*~*~ (hiding).
 21571 | D:12     | 21571 ||| Stepping ~*~*~tactically~*~*~ (hiding).
 21578 | D:12     | Killed Nessos
 21579 | D:12     | Reached skill level 12 in Armour
 21609 | D:12     | 21609 ||| Stepping ~*~*~tactically~*~*~ (hiding).
 21970 | D:12     | Found a shimmering blue altar of Sif Muna.
 22044 | D:12     | Received a gift from Okawaru
 22071 | D:12     | Identified the +12 long sword of the Fool {drain, Will+
                  | Str+2}
 22079 | D:12     | 22079 ||| INVOKING Heroism.
 22114 | D:12     | Reached skill level 16 in Axes
 22175 | D:12     | 22175 ||| Stepping randomly (disturbance).
 22176 | D:12     | 22176 ||| Stepping randomly (disturbance).
 22265 | D:13     | 22265 ||| Stepping ~*~*~tactically~*~*~ (hiding).
 22292 | D:13     | 22292 ||| Stepping ~*~*~tactically~*~*~ (hiding).
 22336 | D:13     | 22336 ||| Stepping ~*~*~tactically~*~*~ (hiding).
 22378 | D:13     | 22378 ||| FLEEEEING.
 22379 | D:13     | 22379 ||| FLEEEEING.
 22380 | D:13     | 22380 ||| FLEEEEING.
 22416 | D:13     | Noticed a tengu reaver
 22417 | D:13     | 22417 ||| FLEEEEING.
 22418 | D:13     | 22418 ||| FLEEEEING.
 22419 | D:13     | 22419 ||| FLEEEEING.
 22420 | D:13     | 22420 ||| FLEEEEING.
 22421 | D:13     | 22421 ||| FLEEEEING.
 22422 | D:13     | 22422 ||| Stepping ~*~*~tactically~*~*~ (hiding).
 22428 | D:13     | 22428 ||| INVOKING Heroism.
 22444 | D:13     | Killed a tengu reaver
 22485 | D:13     | 22485 ||| DROPPING +0 morningstar.
 22499 | D:13     | 22499 ||| Stepping ~*~*~tactically~*~*~ (stealth).
 22500 | D:13     | 22500 ||| Stepping ~*~*~tactically~*~*~ (stealth).
 22620 | D:13     | 22620 ||| INVOKING Heroism.
 22621 | D:13     | 22621 ||| INVOKING Finesse.
 22723 | D:13     | 22723 ||| INVOKING Heroism.
 22728 | D:13     | Received a gift from Okawaru
 22838 | D:13     | 22838 ||| Stepping ~*~*~tactically~*~*~ (stealth).
 22839 | D:13     | Noticed Kirke
 22840 | D:13     | 22840 ||| Stepping ~*~*~tactically~*~*~ (stealth).
 22841 | D:13     | 22841 ||| Stepping ~*~*~tactically~*~*~ (stealth).
 22847 | D:13     | 22847 ||| Stepping ~*~*~tactically~*~*~ (stealth).
 22849 | D:13     | 22849 ||| Stepping ~*~*~tactically~*~*~ (stealth).
 22850 | D:13     | 22850 ||| Stepping ~*~*~tactically~*~*~ (stealth).
 22851 | D:13     | 22851 ||| INVOKING Heroism.
 22852 | D:13     | 22852 ||| SWAPPING to +1 war axe of flaming.
 22853 | D:13     | 22853 ||| INVOKING Finesse.
 22859 | D:13     | 22859 ||| SWAPPING to +6 war axe.
 22865 | D:13     | Received a gift from Okawaru
 22872 | D:13     | Killed Kirke
 22921 | D:13     | 22921 ||| Stepping ~*~*~tactically~*~*~ (stealth).
 22923 | D:13     | 22923 ||| Stepping ~*~*~tactically~*~*~ (stealth).
 22943 | D:13     | Found a gate to the Vaults.
 22997 | D:13     | 22997 ||| Stepping ~*~*~tactically~*~*~ (hiding).
 22998 | D:13     | 22998 ||| Stepping ~*~*~tactically~*~*~ (hiding).
 23000 | D:13     | Paralysed by a deep elf pyromancer for 3 turns
 23129 | D:13     | Found Woupnot's Distillery.
 23139 | D:13     | 23139 ||| BUYING 2 potions of attraction (102 gold).
 23139 | D:13     | Bought 2 potions of attraction for 102 gold pieces
 23139 | D:13     | 23139 ||| BUYING 2 potions of mutation (272 gold).
 23139 | D:13     | Bought 2 potions of mutation for 272 gold pieces
 23139 | D:13     | 23139 ||| BUYING potion of attraction (51 gold).
 23139 | D:13     | Bought a potion of attraction for 51 gold pieces
 23139 | D:13     | 23139 ||| BUYING potion of curing (51 gold).
 23139 | D:13     | Bought a potion of curing for 51 gold pieces
 23139 | D:13     | 23139 ||| BUYING potion of heal wounds (85 gold).
 23139 | D:13     | Bought a potion of heal wounds for 85 gold pieces
 23139 | D:13     | 23139 ||| BUYING potion of lignification (51 gold).
 23139 | D:13     | Bought a potion of lignification for 51 gold pieces
 23139 | D:13     | 23139 ||| BUYING potion of mutation (136 gold).
 23139 | D:13     | Bought a potion of mutation for 136 gold pieces
 23139 | D:13     | 23139 ||| BUYING potion of resistance (170 gold).
 23139 | D:13     | Bought a potion of resistance for 170 gold pieces
 23235 | D:13     | 23235 ||| UPGRADING to +0 kite shield.
 23245 | D:13     | 23245 ||| DROPPING +0 buckler.
 23246 | D:13     | 23246 ||| DROPPING +2 buckler of protection.
 23247 | D:13     | 23247 ||| READING scroll labelled IPUSIM XY EGA.
 23272 | D:14     | 23272 ||| PLANNING GAUNTLET
 23318 | D:14     | 23318 ||| Stepping ~*~*~tactically~*~*~ (hiding).
 23320 | D:14     | Found a broken altar of Ashenzari.
 23321 | D:14     | 23321 ||| INVOKING Heroism.
 23341 | D:14     | Reached skill level 9 in Shields
 23395 | D:14     | 23395 ||| SWAPPING to +0 broad axe.
 23396 | D:14     | 23396 ||| DROPPING +6 war axe.
 23416 | D:14     | 23416 ||| Stepping ~*~*~tactically~*~*~ (hiding).
 23425 | D:14     | Identified the +0 helmet of Taizxoakac {+Blink rCorr SInv}
                  | (Okawaru gifted it to you on level 14 of the Dungeon)
 23425 | D:14     | Received a gift from Okawaru
 23586 | D:14     | 23586 ||| Stepping ~*~*~tactically~*~*~ (hiding).
 23770 | D:14     | 23770 ||| RIP GAUNTLET
 23781 | D:14     | 23781 ||| PLANNING D
 23784 | D:14     | 23784 ||| Stepping ~*~*~tactically~*~*~ (stealth).
 23789 | D:14     | 23789 ||| Stepping ~*~*~tactically~*~*~ (stealth).
 23807 | D:14     | 23807 ||| INVOKING Heroism.
 24277 | D:14     | 24277 ||| UPGRADING to +0 helmet of Taizxoakac {+Blink
                  | rCorr SInv}.
 24287 | D:14     | 24287 ||| DROPPING +0 helmet.
 24333 | D:15     | Entered Level 15 of the Dungeon
 24342 | D:15     | 24342 ||| STAIRDANCE
 24367 | D:15     | 24367 ||| STAIRDANCE
 24437 | D:15     | Reached XP level 16. HP: 104/104 MP: 23/23
 24513 | D:15     | 24513 ||| READING scroll of enchant armour.
 24513 | D:15     | 24513 ||| ENCHANTING +1 cloak.
 24634 | D:15     | 24634 ||| INVOKING Heroism.
 24666 | D:15     | 24666 ||| Stepping ~*~*~tactically~*~*~ (stealth).
 24702 | D:15     | Found a staircase to the Depths.
 24788 | D:15     | 24788 ||| Stepping ~*~*~tactically~*~*~ (hiding).
 24810 | D:15     | 24810 ||| Stepping ~*~*~tactically~*~*~ (hiding).
 24816 | D:15     | 24816 ||| INVOKING Heroism.
 24830 | D:15     | Paralysed by an orc sorcerer for 5 turns
 24831 | D:15     | Reached skill level 12 in Shields
 24866 | D:15     | Noticed Josephine
 24869 | D:15     | 24869 ||| INVOKING Heroism.
 24871 | D:15     | Noticed Louise
 24872 | D:15     | 24872 ||| INVOKING Finesse.
 24880 | D:15     | Killed Josephine
 24885 | Abyss:2  | Cast into level 2 of the Abyss (Louise)
 24946 | Abyss:2  | Noticed a tentacled starspawn
 24947 | Abyss:2  | 24947 ||| Stepping ~*~*~tactically~*~*~ (stealth).
 24953 | Abyss:2  | Killed a tentacled starspawn
 25065 | Abyss:2  | 25065 ||| Stepping ~*~*~tactically~*~*~ (stealth).
 25083 | Abyss:2  | 25083 ||| Stepping ~*~*~tactically~*~*~ (stealth).
 25086 | Abyss:2  | 25086 ||| Stepping ~*~*~tactically~*~*~ (stealth).
 25087 | Abyss:2  | 25087 ||| Stepping ~*~*~tactically~*~*~ (stealth).
 25088 | Abyss:2  | Noticed a profane servitor
 25088 | Abyss:2  | 25088 ||| Stepping ~*~*~tactically~*~*~ (stealth).
 25091 | Abyss:2  | 25091 ||| Stepping ~*~*~tactically~*~*~ (stealth).
 25092 | Abyss:2  | 25092 ||| Stepping ~*~*~tactically~*~*~ (stealth).
 25102 | Abyss:2  | 25102 ||| Stepping ~*~*~tactically~*~*~ (stealth).
 25103 | Abyss:2  | 25103 ||| Stepping ~*~*~tactically~*~*~ (stealth).
 25105 | Abyss:2  | 25105 ||| Stepping ~*~*~tactically~*~*~ (hiding).
 25115 | Abyss:2  | Noticed a bone dragon
 25118 | Abyss:2  | 25118 ||| INVOKING Heroism.
 25136 | Abyss:2  | 25136 ||| Stepping ~*~*~tactically~*~*~ (stealth).
 25142 | Abyss:2  | 25142 ||| Stepping ~*~*~tactically~*~*~ (stealth).
 25195 | Abyss:2  | Found a corrupted altar of Lugonu.
 25225 | Abyss:2  | 25225 ||| Stepping ~*~*~tactically~*~*~ (stealth).
 25227 | Abyss:2  | 25227 ||| Stepping ~*~*~tactically~*~*~ (stealth).
 25231 | Abyss:2  | 25231 ||| Stepping ~*~*~tactically~*~*~ (hiding).
 25240 | Abyss:2  | 25240 ||| INVOKING Heroism.
 25255 | Abyss:2  | Received a gift from Okawaru
 25311 | D:15     | Escaped the Abyss
 25312 | D:15     | 25312 ||| INVOKING Heroism.
 25313 | D:15     | 25313 ||| INVOKING Finesse.
 25316 | D:15     | Noticed Agnes
 25323 | D:15     | Killed Louise
 25338 | D:15     | Killed Agnes
 25365 | D:15     | 25365 ||| Stepping ~*~*~tactically~*~*~ (stealth).
 25366 | D:15     | 25366 ||| Stepping ~*~*~tactically~*~*~ (stealth).
 25747 | D:15     | 25747 ||| PLANNING ORC
 25747 | D:15     | 25747 ||| UPGRADING to +0 tower shield.
 25757 | D:15     | 25757 ||| DROPPING +0 kite shield.
 25884 | Orc:1    | Entered Level 1 of the Orcish Mines
 25885 | Orc:1    | 25885 ||| INVOKING Heroism.
 25890 | Orc:1    | Noticed Urug
 25891 | Orc:1    | 25891 ||| INVOKING Finesse.
 25917 | Orc:1    | 25917 ||| INVOKING Heroism.
 25919 | Orc:1    | Killed Urug
 25990 | Orc:1    | Found Haugenul's Antique Armour Shoppe.
 26019 | Orc:1    | 26019 ||| BUYING pair of runed boots (210 gold).
 26019 | Orc:1    | Bought a pair of runed boots for 210 gold pieces
 26019 | Orc:1    | 26019 ||| BUYING pitted chain mail (266 gold).
 26019 | Orc:1    | Bought a pitted chain mail for 266 gold pieces
 26019 | Orc:1    | Identified the +8 chain mail "Voarchojo" {Drain +Blink
                  | Will+ Str+5} (You bought it in a shop on level 1 of the
                  | Orcish Mines)
 26044 | Orc:1    | Found Ufosor's Book Shop.
 26064 | Orc:1    | 26064 ||| INVOKING Heroism.
 26067 | Orc:1    | 26067 ||| DRINKING 13 potions of curing.
 26067 | Orc:1    | 26067 ||| (to cure confusion)
 26167 | Orc:1    | Found Ypsum's Armour Shoppe.
 26169 | Orc:1    | 26169 ||| Stepping ~*~*~tactically~*~*~ (hiding).
 26170 | Orc:1    | 26170 ||| Stepping ~*~*~tactically~*~*~ (hiding).
 26190 | Orc:1    | 26190 ||| SHOPLISTING +1 plate armour of fire resistance
                  | (455 gold, have 265).
 26190 | Orc:1    | 26190 ||| SHOPLISTING +2 pair of boots of Emayth {rC+++
                  | rCorr Int+6 Dex-4 Slay+2} (971 gold, have 265).
 26357 | Orc:1    | 26357 ||| DROPPING +1 pair of boots of rampaging.
 26358 | Orc:1    | 26358 ||| DROPPING +2 scale mail of cold resistance.
 26359 | Orc:1    | 26359 ||| UPGRADING to +8 chain mail "Voarchojo" {Drain
                  | +Blink Will+ Str+5}.
 26369 | Orc:1    | 26369 ||| DROPPING +0 plate armour.
 26374 | Orc:2    | Entered Level 2 of the Orcish Mines
 26375 | Orc:2    | 26375 ||| INVOKING Heroism.
 26376 | Orc:2    | 26376 ||| STAIRDANCE
 26404 | Orc:2    | 26404 ||| Stepping ~*~*~tactically~*~*~ (stealth).
 26405 | Orc:2    | 26405 ||| Stepping ~*~*~tactically~*~*~ (stealth).
 26506 | Orc:2    | Found a staircase to the Elven Halls.
 26513 | Orc:2    | 26513 ||| Stepping ~*~*~tactically~*~*~ (stealth).
 26516 | Orc:2    | 26516 ||| Stepping ~*~*~tactically~*~*~ (hiding).
 26518 | Orc:2    | 26518 ||| Stepping ~*~*~tactically~*~*~ (stealth).
 26520 | Orc:2    | 26520 ||| INVOKING Heroism.
 26523 | Orc:2    | 26523 ||| Stepping ~*~*~tactically~*~*~ (hiding).
 26525 | Orc:2    | 26525 ||| Stepping ~*~*~tactically~*~*~ (hiding).
 26537 | Orc:2    | 26537 ||| Stepping ~*~*~tactically~*~*~ (stealth).
 26703 | Orc:2    | 26703 ||| Stepping ~*~*~tactically~*~*~ (stealth).
 26903 | Orc:2    | 26903 ||| INVOKING Heroism.
 26919 | Orc:2    | 26919 ||| Stepping ~*~*~tactically~*~*~ (hiding).
 26920 | Orc:2    | 26920 ||| Stepping ~*~*~tactically~*~*~ (hiding).
 26921 | Orc:2    | 26921 ||| Stepping ~*~*~tactically~*~*~ (hiding).
 27102 | Orc:2    | 27102 ||| Stepping ~*~*~tactically~*~*~ (hiding).
 27104 | Orc:2    | 27104 ||| INVOKING Heroism.
 27134 | Orc:2    | Found Wuix's Antique Armour Shoppe.
 27141 | Orc:2    | 27141 ||| BUYING embroidered cloak (277 gold).
 27141 | Orc:2    | Bought an embroidered cloak for 277 gold pieces
 27141 | Orc:2    | 27141 ||| BUYING glowing scarf (296 gold).
 27141 | Orc:2    | Bought a glowing scarf for 296 gold pieces
 27141 | Orc:2    | 27141 ||| SHOPLISTING pair of glowing boots (277 gold, have
                  | 190).
 27141 | Orc:2    | 27141 ||| SHOPLISTING runed plate armour (962 gold, have
                  | 190).
 27153 | Orc:2    | 27153 ||| INVOKING Heroism.
 27158 | Orc:2    | Found an ancient bone altar of Kikubaaqudgha.
 27190 | Orc:2    | Found Yrch's Antique Weapon Emporium.
 27197 | Orc:2    | 27197 ||| INVOKING Heroism.
 27203 | Orc:2    | 27203 ||| Stepping ~*~*~tactically~*~*~ (stealth).
 27213 | Orc:2    | Found Ziqaenoq's Magic Scroll Shoppe.
 27255 | Orc:2    | Found a radiant altar of Vehumet.
 27269 | Orc:2    | 27269 ||| BUYING scroll of enchant armour (90 gold).
 27269 | Orc:2    | Bought a scroll of enchant armour for 90 gold pieces
 27269 | Orc:2    | 27269 ||| BUYING scroll of enchant weapon (90 gold).
 27269 | Orc:2    | Bought a scroll of enchant weapon for 90 gold pieces
 27269 | Orc:2    | 27269 ||| READING scroll of enchant weapon.
 27269 | Orc:2    | 27269 ||| ENCHANTING +0 broad axe.
 27306 | Orc:2    | Found Tito's Jewellery Emporium.
 27315 | Orc:2    | 27315 ||| SHOPLISTING +4 ring of protection (504 gold, have
                  | 10).
 27315 | Orc:2    | 27315 ||| SHOPLISTING amulet of Losunurr {Spirit rElec
                  | Str+2} (674 gold, have 10).
 27315 | Orc:2    | 27315 ||| SHOPLISTING amulet of reflection (420 gold, have
                  | 10).
 27315 | Orc:2    | 27315 ||| SHOPLISTING amulet of regeneration (420 gold,
                  | have 10).
 27448 | Orc:2    | 27448 ||| DROPPING +2 cloak.
 27504 | Orc:1    | Found Vecwups's Weapon Shoppe.
 27561 | Orc:1    | Found a transporter.
 27563 | Orc:1    | Noticed rpophessagr's ghost (journeyman HOMo)
 27564 | Orc:1    | Identified the +4 great mace of Yeast {venom, rElec Str-4
                  | Int+9}
 27564 | Orc:1    | Identified the +7 great mace of Guastoth {freeze, Will+
                  | Dex+2}
 27571 | Orc:1    | Found a transporter.
 27609 | Orc:1    | Found Emijusk's Antique Armour Shoppe.
 27654 | Orc:1    | 27654 ||| PLANNING SHOALS:1-3
 27823 | Shoals:1 | Entered Level 1 of the Shoals
 27824 | Shoals:1 | 27824 ||| INVOKING Heroism.
 27825 | Shoals:1 | 27825 ||| INVOKING Finesse.
 27879 | Shoals:1 | 27879 ||| INVOKING Heroism.
 27898 | Shoals:1 | Reached skill level 15 in Shields
 28172 | Shoals:1 | Noticed Nikola
 28173 | Shoals:1 | 28173 ||| INVOKING Heroism.
 28174 | Shoals:1 | 28174 ||| INVOKING Finesse.
 28184 | Shoals:1 | HP: 8/104 [Nikola/arc of chain lightning (37)]
 28185 | Shoals:1 | 28185 ||| READING 9 scrolls of teleportation.
 28185 | Shoals:1 | Killed from afar by Nikola

Levels and vault maps discovered:
D:1:      spicycebolla_arrival_transporter_tutorial, layout_basic,
          shapermc_ecumenical_altar_starsandcircs,
          hangedman_abyss_or_decor_stabs, minivault_4
D:2:      layout_rooms, serial_shops, nicolae_shop_hallway_stairs,
          nicolae_shop_hallway_plus, shop, shop, nicolae_shop_behind_doors
D:3:      layout_basic, serial_curves, eino_curves_01, eino_curves_01
D:4:      layout_basic, yredelemnul_altar_generic,
          nicolae_overflow_hidden_temple, enter_ossuary_5, minmay_ruptured,
          uniq_sigmund
D:5:      layout_loops_ring, mainiacjoe_overflow_cross_hatched, temple_hall
D:6:      layout_rooms, uniq_crazy_yiuf_cottage
D:7:      layout_basic, old_standard_altar, minmay_unpleasant_kobolds
D:8:      cheibrodos_fzero, layout_cave_pools, enter_bailey_3
D:9:      minmay_ornate_pinched, layout_irregular_city,
          mainiacjoe_overflow_surrounded_room, supply_closet_lemuel
D:10:     layout_long_grid, orc_0_dummy
D:11:     layout_roguey
D:12:     cheibrodos_barr_body, layout_long_grid, st_stairs_13, tgw_sif,
          uniq_psyche, uniq_nessos
D:13:     nicolae_hexawheel, layout_cave_pools, serial_shops,
          nicolae_shop_trees, uniq_kirke
D:14:     layout_grid_maze, gauntlet_entry_generic, cheibrodos_ashenzari_chains
D:15:     grunt_enter_depths_magical_seal, layout_small_grid,
          minmay_misc_feat_diagonals, drop_trap, uniq_agnes, uniq_josephine,
          uniq_louise
Temple:   minmay_temple_bridge_d
Lair:1:   layout_misc_corridors, nzn_sisyphean_effort,
          infiniplex_staircase_pool_2, grunt_megastairs_2
Lair:2:   layout_cave_shapes, nicolae_lair_grove_arrangements,
          beast_lair_carwin_7, uniq_prince_ribbit2
Lair:3:   layout_regular_city, minmay_shoals_entry_hut, dummy_snake_entry,
          minivault_26
Lair:4:   nzn_winding_woodlands_huge [nzn_winding_woodlands_5x15_cabin,
          nzn_winding_woodlands_5x15_default,
          nzn_winding_woodlands_5x15_crooked,
          nzn_winding_woodlands_5x15_longhouse,
          nzn_winding_woodlands_5x15_river_crossing,
          nzn_winding_woodlands_5x15_twine,
          nzn_winding_woodlands_5x15_split_checker,
          nzn_winding_woodlands_5x15_zeroes,
          nzn_winding_woodlands_5x15_concentric,
          nzn_winding_woodlands_5x15_pool,
          nzn_winding_woodlands_center_triple_pond,
          nzn_winding_woodlands_center_diamonds,
          nzn_winding_woodlands_15x15_eel_pit], layout_gridlike, minivault_19,
          kennysheep_abandoned_house
Lair:5:   hangedman_lair_caniforms_friends, layout_gridlike,
          guppyfry_lair_end_dragon, slime_entry_2, st_stairs_9,
          grunt_megastairs_4
Shoals:1: cheibrodos_shoals_satyrical_garden, layout_shoals,
          nicolae_shoals_siren_and_animal_friends, uniq_nikola
Orc:1:    layout_caves, serial_shops, shop, nicolae_shop_hallway_plus,
          nicolae_shop_behind_doors, shop, nicolae_shop_stone,
          gammafunk_ghost_smash, uniq_urug
Orc:2:    kennysheep_orc_mage_school, layout_caves, abandoned_shop,
          nicolae_orc_sculptors_studio, mines1_david

Skill      XL: |  1  2  3  4  5  6  7  8  9 10 11 12 13 14 15 16 |
---------------+-------------------------------------------------+-----
Axes           | 2 3 4 5 7 8 9 10 11 12 14 15 16 | 16.5
Fighting       | 4 5 6 7 8 9 10 11 12 13 | 13.0
Dodging        | 1 2 3 4 |  4.0
Throwing       | 1 2 3 5 6 |  6.0
Armour         | 5 6 7 9 10 11 13 | 13.0
Invocations    | 4 8 10 | 10.1
Shields        | 4 6 7 11 15 | 15.2

Action                   |  1- 3 |  4- 6 |  7- 9 | 10-12 | 13-15 | 16-18 || total
-------------------------+-------+-------+-------+-------+-------+-------++-------
Melee: War axe           |    88 |   206 |   251 |   386 |   901 |       ||  1832
       Morningstar       |       |       |       |     9 |    26 |       ||    35
       Broad axe         |       |       |       |       |   142 |   531 ||   673
Throw: Boomerang         |       |       |    38 |     7 |    23 |     3 ||    71
       Javelin           |       |       |     3 |    98 |   153 |    41 ||   295
Invok: Heroism           |       |       |     8 |    29 |    37 |    18 ||    92
       Finesse           |       |       |       |     3 |     9 |     5 ||    17
  Use: Scroll            |     5 |     9 |     9 |     5 |     6 |     3 ||    37
       Potion            |     1 |     3 |     1 |     2 |     3 |     1 ||    11
 Stab: Confused          |       |       |       |       |     1 |       ||     1
Armor: Scale mail        |    52 |    81 |    68 |       |       |       ||   201
       Plate armour      |       |       |    85 |   209 |   640 |   176 ||  1110
       Chain mail        |       |       |       |       |       |    86 ||    86
Dodge: Dodged            |    42 |    56 |    82 |   142 |   374 |   119 ||   815
Block: Buckler           |    13 |    33 |    42 |   123 |   233 |       ||   444
       Kite shield       |       |       |       |       |    77 |   127 ||   204
       Tower shield      |       |       |       |       |       |   203 ||   203

Table legend:
 A = Non-vault XP
 B = Vault XP
 C = Vault XP percentage of total XP
 D = Non-vault monster count
 E = Vault monster count
 F = Vault count percentage of total count
                 A         B        C        D         E       F
            +---------+---------+-------+---------+---------+-------
      Total |   98859 |   78372 |  44.2 |     504 |     321 |  38.9
            +---------+---------+-------+---------+---------+-------
        D:1 |      36 |       0 |   0.0 |      19 |       0 |   0.0
        D:2 |      54 |       0 |   0.0 |      11 |       0 |   0.0
        D:3 |      95 |       0 |   0.0 |      23 |       0 |   0.0
        D:4 |     438 |     341 |  43.8 |      26 |       3 |  10.3
        D:5 |     652 |       0 |   0.0 |      22 |       0 |   0.0
        D:6 |    1221 |       0 |   0.0 |      18 |       0 |   0.0
        D:7 |    1368 |     103 |   7.0 |      27 |       6 |  18.2
        D:8 |    1649 |    2744 |  62.5 |      23 |      26 |  53.1
        D:9 |    4171 |    2960 |  41.5 |      27 |      12 |  30.8
       D:10 |     852 |       0 |   0.0 |      14 |       0 |   0.0
       D:11 |    4288 |       0 |   0.0 |      27 |       0 |   0.0
       D:12 |    3675 |    7424 |  66.9 |      13 |      18 |  58.1
       D:13 |    4810 |   14921 |  75.6 |       9 |      22 |  71.0
       D:14 |   13857 |       0 |   0.0 |      28 |       0 |   0.0
       D:15 |    6179 |    8231 |  57.1 |      13 |      15 |  53.6
     Lair:1 |    6886 |    1409 |  17.0 |      25 |       6 |  19.4
     Lair:2 |    5349 |    1710 |  24.2 |      21 |       9 |  30.0
     Lair:3 |    3401 |     250 |   6.8 |       9 |       1 |  10.0
     Lair:4 |    4055 |    9239 |  69.5 |      17 |      33 |  66.0
     Lair:5 |   12024 |   17786 |  59.7 |      38 |      76 |  66.7
   Shoals:1 |    8725 |    2539 |  22.5 |      18 |       4 |  18.2
      Orc:1 |    2497 |     796 |  24.2 |      31 |       1 |   3.1
      Orc:2 |    1496 |    7832 |  84.0 |      25 |      34 |  57.6
    Abyss:2 |   11081 |       0 |   0.0 |      20 |       0 |   0.0
    Ossuary |       0 |      87 | 100.0 |       0 |      55 | 100.0
            +---------+---------+-------+---------+---------+-------
